 Dungeon Crawl Stone Soup version 0.31-a0-210-gccc998df9b (webtiles) character file.

Game seed: 17341211492348543826

593 qw the Shield-Bearer (level 7, -2/44 HPs)
             Began as a Gargoyle Fighter on June 30, 2023.
             Slain by a centaur (4 damage)
             ... on level 6 of the Dungeon.
             The game lasted 00:01:18 (2302 turns).

qw the Shield-Bearer (Gargoyle Fighter)             Turns: 2302, Time: 00:01:19

Health: -2/44      AC: 18    Str: 22    XL:     7   Next: 39%
Magic:  7/7        EV:  5    Int:  8    God:
Gold:   95         SH:  8    Dex:  9    Spells: 6/6 levels left

rFire   . . .        Y - +0 war axe
rCold   . . .        f - +0 kite shield
rNeg    + . .        p - +0 plate armour
rPois   inf          o - +0 helmet
rElec   +            (no cloak)
rCorr   .            (no gloves)
SInv    .            l - +0 pair of boots
Will    .....        (no amulet) Stlth
                     j - +4 ring of slaying {mikee}
HPRegen 0.27/turn    n - +4 ring of protection
MPRegen 0.10/turn

%: no passive effects
@: corroded
A: sickness immunity, AC +4, negative energy resistance 1, electricity
resistance, torment resistance 1, petrification resistance
a: no special abilities


You were on level 6 of the Dungeon.
You visited 1 branch of the dungeon, and saw 4 of its levels.

You collected 95 gold pieces.


Innate Abilities, Weirdness & Mutations

You are immune to sickness and miasma.
Your stone body is resilient. (AC +4)
You are immune to poison.
You resist negative energy. (rN+)
You are resistant to electric shocks. (rElec)
You are resistant to unholy torment.
You are immune to petrification.


   Skills:
 - Level 4.6 Fighting
 + Level 5.5 Axes
 - Level 3.2 Armour
 - Level 5.5 Shields


You had 6 spell levels left.
You didn't know any spells.
Your spell library was empty.

Inventory:

Hand Weapons
 q - a +0 flail
 Y - a +0 war axe (weapon)
Missiles
 r - 4 boomerangs (quivered)
Armour
 f - a +0 kite shield (worn)
 l - a +0 pair of boots (worn)
 o - a +0 helmet (worn)
 p - a +0 plate armour (worn)
Jewellery
 j - a +4 ring of slaying (left hand) {mikee}
 n - a +4 ring of protection (right hand)
Scrolls
 c - a scroll of identify
Potions
 a - a potion of cancellation {unknown}
 d - 2 potions of might
 g - a potion of magic {unknown}
 h - 2 potions of curing
 i - a potion of invisibility {unknown}

Dungeon Overview and Level Annotations

Branches:
Dungeon (3/15)

Altars:
The Shining One

Annotations:
D:2 exclusion: zombie


Message History

You barely miss the sky beast.
The ufetubus hits you but does no damage.
You block the ufetubus's attack. The centaur barely misses you.
The centaur kicks you but does no damage.
The orc barely misses you.
The sky beast flickers out of sight!
Deactivating autopickup; reactivate with Ctrl-A.
Something hits you but does no damage.
The ufetubus hits you but does no damage. x2
Something hits you. Something shocks you. You resist.
The orc hits you but does no damage.
The centaur hits you but does no damage.
You block the centaur's attack. You block the kobold's attack.
The ufetubus hits you but does no damage.
The ufetubus hits you.
You barely miss the centaur.
The centaur is heavily wounded.
You hit the ufetubus but do no damage. You closely miss the kobold.
You closely miss something. You block the centaur's attack.
The centaur kicks you but does no damage.
You block the ufetubus's attack.
The ufetubus hits you but does no damage.
Something hits you but does no damage. The kobold hits you but does no damage.
The orc hits you but does no damage.
The centaur hits you but does no damage.
The centaur kicks you but does no damage.
You block the ufetubus's attack.
The ufetubus hits you but does no damage.
You slash the centaur!
The centaur is almost dead.
You slash the ufetubus!
You kill the ufetubus!
You hit the kobold.
You kill the kobold!
You miss something.
The centaur hits you but does no damage.
The centaur kicks you but does no damage.
The orc hits you from afar with a +0 trident!
Something hits you but does no damage. The centaur hits you.
You die...

#.# #.#
#.##########
#.##...?....
####.##........
.....##........
#..##........
###..c))......
#....{@K......
......######o.####
##.... .# #... .(
#..Y .. ##. ## ##
#......#..
.......#..
##.....#..


You could see a centaur, an orc and a kobold.

Vanquished Creatures
  An orc warrior (D:6)
  A sky beast (D:6)
  A centaur (D:6)
  A kobold brigand (D:6)
  A jelly (D:6)
  Ijyb (D:3)
  A gnoll bouda (D:6)
  An orc wizard (D:6)
  3 gnolls (D:6)
  4 adders (D:2)
  A white imp (D:6)
  An ufetubus (D:6)
  A worm (D:3)
  4 dart slugs
  4 orcs (D:6)
  4 bats
  A bat skeleton (D:2)
  A bat zombie (D:2)
  3 endoplasms
  5 goblins
  3 hobgoblins
  11 kobolds
  4 quokkas
  8 ball pythons
  A ball python zombie (D:2)
  5 frilled lizards
  A jackal zombie (D:2)
  4 rats
77 creatures vanquished.

Notes
Turn   | Place    | Note
-------+----------+-------------------------------------------
     0 | D:1      | qw the Gargoyle Fighter began the quest for the Orb.
     0 | D:1      | Reached XP level 1. HP: 14/14 MP: 1/1
     0 | D:1      | 0 ||| qw: Version: 0.3-a-26-gee661ec
     0 | D:1      | 0 ||| qw: Game counter: 7249
     0 | D:1      | 0 ||| qw: Melee chars always use a shield: true
     0 | D:1      | 0 ||| qw: God list: Okawaru
     0 | D:1      | 0 ||| qw: Allow faded altars: false
     0 | D:1      | 0 ||| qw: Do Orc after clearing Dungeon:15 true
     0 | D:1      | 0 ||| qw: Do second Lair branch before Depths: true
     0 | D:1      | 0 ||| qw: Lair rune preference: random
     0 | D:1      | 0 ||| qw: Goals: Normal, Zot:1-4, Slime:5, God:TSO, Crypt,
                  | Tomb, Abyss, Pan, Hells, Win
     0 | D:1      | 0 ||| PLANNING D:1-11
   104 | D:1      | Reached XP level 2. HP: 19/19 MP: 2/2
   239 | D:1      | 239 ||| Stepping ~*~*~tactically~*~*~ (stealth).
   288 | D:1      | Reached skill level 3 in Axes
   463 | D:1      | Reached XP level 3. HP: 23/23 MP: 3/3
   658 | D:1      | 658 ||| UPGRADING to +0 kite shield.
   668 | D:1      | 668 ||| DROPPING +0 buckler.
   669 | D:1      | 669 ||| UPGRADING to +0 pair of boots.
   674 | D:1      | 674 ||| READING scroll labelled SOMOUNNEOF.
   675 | D:1      | 675 ||| READING scroll labelled QAOTUU YMEO.
   676 | D:1      | 676 ||| READING scroll labelled VUAXIU FUMEPN.
   677 | D:1      | 677 ||| DRINKING 2 coppery potions.
   678 | D:1      | 678 ||| DROPPING potion of brilliance.
   919 | D:2      | 919 ||| DROPPING +6 ring of intelligence.
  1021 | D:2      | Reached XP level 4. HP: 28/28 MP: 4/4
  1512 | D:2      | 1512 ||| UPGRADING to +4 ring of slaying {mikee}.
  1513 | D:2      | 1513 ||| DRINKING 3 sapphire potions.
  1521 | D:2      | 1521 ||| DRINKING 2 pink potions.
  1522 | D:2      | 1522 ||| DROPPING 2 potions of ambrosia.
  1542 | D:3      | Noticed Ijyb
  1548 | D:3      | 1548 ||| DRINKING potion of curing.
  1548 | D:3      | 1548 ||| (to cure confusion)
  1563 | D:3      | Killed Ijyb
  1656 | D:3      | Reached XP level 5. HP: 32/32 MP: 5/5
  1658 | D:3      | 1658 ||| DROPPING +0 club.
  1664 | D:3      | 1664 ||| Stepping ~*~*~tactically~*~*~ (hiding).
  1898 | D:3      | You fall into a shaft and drop 3 floors!
  1912 | D:6      | Noticed an orc warrior
  1914 | D:6      | 1914 ||| Stepping ~*~*~tactically~*~*~ (stealth).
  1916 | D:6      | 1916 ||| Stepping ~*~*~tactically~*~*~ (hiding).
  1922 | D:6      | Killed an orc warrior
  1924 | D:6      | Reached XP level 6. HP: 31/37 MP: 6/6
  1950 | D:6      | 1950 ||| Stepping ~*~*~tactically~*~*~ (hiding).
  1972 | D:6      | 1972 ||| DROPPING +0 whip.
  2023 | D:6      | Noticed a sky beast
  2026 | D:6      | Found a glowing golden altar of the Shining One.
  2038 | D:6      | Killed a sky beast
  2039 | D:6      | Reached XP level 7. HP: 17/44 MP: 7/7
  2187 | D:6      | 2187 ||| UPGRADING to +0 helmet.
  2192 | D:6      | 2192 ||| UPGRADING to +0 plate armour.
  2202 | D:6      | 2202 ||| DROPPING +0 scale mail.
  2203 | D:6      | 2203 ||| DROPPING amulet of magic regeneration.
  2204 | D:6      | 2204 ||| UPGRADING to +4 ring of protection.
  2205 | D:6      | 2205 ||| DROPPING ring of flight.
  2206 | D:6      | 2206 ||| READING scroll labelled KOIMMA FOAGUA.
  2209 | D:6      | 2209 ||| READING scroll labelled QIC CEJYASI.
  2285 | D:6      | 2285 ||| Stepping ~*~*~tactically~*~*~ (stealth).
  2300 | D:6      | HP: 8/44 [ufetubus (4)]
  2302 | D:6      | HP: 2/44 [orc/+0 trident (7)]
  2302 | D:6      | Slain by a centaur

Levels and vault maps discovered:
D:1:      dpeg_arrival_tiny_e, layout_loops_ring
D:2:      layout_loops_ring, serial_undead, serial_undead_d, serial_undead_f,
          serial_undead_f, serial_undead_c
D:3:      layout_basic, uniq_grinder, uniq_ijyb, uniq_sigmund
D:6:      layout_basic, nicolae_tso_carved_into_rock, serial_shops, shop,
          minivault_5

Skill      XL: |  1  2  3  4  5  6 |
---------------+-------------------+-----
Axes           | 2 3 4 5 |  5.5
Shields        | 4 5 |  5.5
Fighting       | 4 |  4.6
Armour         | |  3.2

Action                     |  1- 3 |  4- 6 |  7- 9 || total
---------------------------+-------+-------+-------++-------
  Melee: War axe           |   105 |    90 |    14 ||   209
  Throw: Boomerang         |       |     4 |       ||     4
    Use: Scroll            |     3 |       |     2 ||     5
         Potion            |     1 |     3 |       ||     4
 Armour: Scale mail        |    45 |    57 |       ||   102
         Plate armour      |       |       |    53 ||    53
  Dodge: Dodged            |    35 |    33 |    17 ||    85
  Block: Buckler           |    15 |       |       ||    15
         Kite shield       |    14 |    46 |    24 ||    84

Table legend:
 A = Non-vault XP
 B = Vault XP
 C = Vault XP percentage of total XP
 D = Non-vault monster count
 E = Vault monster count
 F = Vault count percentage of total count
                 A         B        C        D         E       F
            +---------+---------+-------+---------+---------+-------
      Total |     815 |      42 |   4.9 |      72 |       5 |   6.5
            +---------+---------+-------+---------+---------+-------
        D:1 |      45 |       0 |   0.0 |      25 |       0 |   0.0
        D:2 |      70 |       6 |   7.9 |      14 |       4 |  22.2
        D:3 |      23 |      36 |  61.0 |      12 |       1 |   7.7
        D:6 |     677 |       0 |   0.0 |      21 |       0 |   0.0
            +---------+---------+-------+---------+---------+-------
